 Dungeon Crawl Stone Soup version 0.28.0-53-g5a82cb258f (webtiles) character file.

Game seed: 5513831769015908708

28 Lennethare the Changer (level 3, -3/23 HPs)
             Began as an Octopode Transmuter on June 20, 2022.
             Slain by an adder (5 damage)
             ... on level 2 of the Dungeon.
             The game lasted 00:01:39 (1098 turns).

Lennethare the Changer (Octopode Transmuter)        Turns: 1098, Time: 00:01:40

Health: -3/23      AC:  1    Str:  9    XL:     3   Next: 14%
Magic:  5/6        EV: 13    Int: 17    God:
Gold:   43         SH:  0    Dex: 12    Spells: 2/6 levels left

rFire   . . .      SeeInvis .     - Unarmed
rCold   . . .      Faith    .   (no shield)
rNeg    . . .      Spirit   .   (helmet currently unavailable)
rPois   .          Reflect  .   (no amulet)
rElec   .          Harm     .   (no ring)
rCorr   .          Rampage  .   (no ring)
Will    .....                   (no ring)
Stlth   ++........              (no ring)
HPRegen 0.07/turn               (no ring)
MPRegen 0.10/turn               (no ring)
                                (no ring)
                                (no ring)

@: lethally poisoned (-3 -> -7), appendages
A: tentacle spike 3, almost no armour, amphibious, 8 rings, camouflage 1,
gelatinous body 1, (nimble swimmer 1), tentacles
a: End Transformation


You were on level 2 of the Dungeon.
One of your tentacles had grown a beastly spike.
You visited 1 branch of the dungeon, and saw 2 of its levels.

You collected 43 gold pieces.

Inventory:

Missiles
 e - 53 stones
Scrolls
 a - a scroll of amnesia {unknown}
 b - a scroll of noise {unknown}
 c - a scroll of enchant weapon {unknown}
 f - a scroll of magic mapping {unknown}
Potions
 d - a potion of berserk rage {unknown}


   Skills:
 - Level 1.0 Fighting
 - Level 2.0 Dodging
 - Level 3.0 Unarmed Combat
 - Level 2.0 Spellcasting
 + Level 3.4 Transmutations
 * Level 0.5 Poison Magic


You had 2 spell levels left.
You knew the following spells:

 Your Spells              Type           Power      Damage    Failure   Level
a - Beastly Appendage     Tmut           26%        N/A       4%          1
b - Spider Form           Tmut/Pois      8%         N/A       26%         3

Your spell library contained the following spells:

 Spells                   Type           Power      Damage    Failure   Level
 Wereblood                Tmut           13%        N/A       7%          2
 Ice Form                 Ice/Tmut       7%         N/A       67%         4


Dungeon Overview and Level Annotations

Branches:
Dungeon (2/15)

Altars:


Innate Abilities, Weirdness & Mutations

One of your tentacles has grown a beastly spike.
You cannot wear most types of armour.
You are amphibious.
You can wear up to eight rings at the same time.
Your skin changes colour to match your surroundings (Stealth+).
Your rubbery body absorbs attacks. (AC +1, EV +1)
((You are camouflaged when in or above water. (Stealth+)))
You have tentacles for arms and can constrict up to eight enemies at once.


Message History

An adder comes into view.
The jackal barks!
The jackal closely misses you.
You barely miss the adder. Your grab misses the adder.
The adder closely misses you. The jackal bites you.
You barely miss the adder. Your grab misses the adder.
Your tentacle-slap misses the adder.
Your squeeze misses the adder. The jackal completely misses you.
The adder misses you. The jackal closely misses you.
The quokka bites you but does no damage.
Casting: Beastly Appendage (safe; 4% risk of failure)
Confirm with . or Enter, or press ? or * to list all spells.
One of your tentacles grows a vicious spike.
The adder bites you. The jackal misses you. The quokka misses you.
The adder barely misses you.
You barely miss the adder. Your grab misses the adder.
Your tentacle spike misses the adder.
The jackal bites you but does no damage.
The quokka misses you. The adder bites you.
You are poisoned.
The adder poisons you! The jackal completely misses you.
You closely miss the adder. Your grab misses the adder.
Your squeeze misses the adder.
You feel sick. The quokka closely misses you. The adder bites you.
You are more poisoned.
The adder poisons you! The jackal closely misses you.
You miss the adder. Your grab misses the adder.
Your tentacle spike misses the adder.
Your squeeze misses the adder.
You feel sick. The jackal completely misses you.
The adder bites you but does no damage. The quokka bites you.
You closely miss the adder. Your grab misses the adder.
Your tentacle spike misses the adder.
Your squeeze misses the adder.
You feel sick. The jackal closely misses you. The adder misses you.
The quokka closely misses you. The jackal bites you.
The adder barely misses you.
You closely miss the adder. You grab the adder. Your squeeze misses the adder.
You constrict the adder.
You feel sick. The quokka bites you.
* * * LOW HITPOINT WARNING * * *
The jackal closely misses you. The adder bites you.
You die...

#### .... #...
#..# #..# #..#
.#####..#
......hS####
.######@##..
#r##.# #.##.#
.######.##.####..#
...........>.....#
#######..#.#######
#..#.# #..#.#
###..#.#######


You could see an adder, a quokka and a jackal.

Vanquished Creatures
  A dart slug (D:1)
  2 endoplasms
  4 goblins
  3 hobgoblins
  A jackal (D:1)
  5 ball pythons (D:1)
  2 bats (D:1)
  4 kobolds (D:1)
  A rat (D:1)
23 creatures vanquished.

Notes
Turn   | Place    | Note
-------+----------+-------------------------------------------
     0 | D:1      | Lennethare the Octopode Transmuter began the quest for the
                  | Orb.
     0 | D:1      | Reached XP level 1. HP: 13/13 MP: 3/3
   106 | D:1      | Found a faded altar of an unknown god.
   114 | D:1      | Reached XP level 2. HP: 11/18 MP: 5/5
   924 | D:1      | Reached XP level 3. HP: 18/23 MP: 6/6
   928 | D:1      | Learned a level 3 spell: Spider Form
  1098 | D:2      | Slain by an adder

Illustrated notes

Levels and vault maps discovered:
D:1:      dpeg_arrival_orchard, layout_basic, nicolae_ecumenical_snake_handling,
          minmay_pentomino_q2
D:2:      layout_loops_ring

Skill      XL: |  1  2 |
---------------+-------+-----
Transmutations | 3 |  3.4
Fighting       | |  1.0
Dodging        | |  2.0
Unarmed Combat | |  3.0
Spellcasting   | |  2.0
Poison Magic   | |  0.5

Action                   || total
-------------------------++-------
Melee: Unarmed           ||    55
       Constrict         ||    18
       Tentacles         ||     9
       Kick              ||     4
       Punch             ||     2
 Cast: Beastly Appendage ||     6
 Stab: Sleeping          ||     3
Armor: Skin              ||     7
Dodge: Dodged            ||    53
